 Dungeon Crawl Stone Soup version 0.28.0-53-g5a82cb258f (webtiles) character file.

Game seed: 2945118198100030956

384 mcbry74 the Firebug (level 6, -1/32 HPs)
             Began as a Deep Elf Fire Elementalist on July 20, 2022.
             Slain by a hobgoblin
             ... wielding a +0 hand axe
              (4 damage)
             ... on level 4 of the Dungeon.
             The game lasted 00:14:06 (4492 turns).

mcbry74 the Firebug (Deep Elf Fire Elementalist)    Turns: 4492, Time: 00:14:06

Health: -1/32      AC:  3    Str:  5    XL:     6   Next: 47%
Magic:  8/12       EV: 12    Int: 22    God:
Gold:   96         SH:  0    Dex: 15    Spells: 2/11 levels left

rFire   . . .      SeeInvis +   (no weapon)
rCold   . . .      Faith    .   (no shield)
rNeg    . . .      Spirit   .   a - +0 robe
rPois   .          Reflect  .   n - +0 helmet {SInv}
rElec   .          Harm     .   j - scarf {shadows}
rCorr   +          Rampage  .   (no gloves)
Will    .....                   (no boots)
Stlth   ++........              (no amulet)
HPRegen 0.10/turn               b - ring of resist corrosion
MPRegen 0.13/turn               (no ring)

@: no status effects
A: no striking features
a: no special abilities


You were on level 4 of the Dungeon.
You visited 1 branch of the dungeon, and saw 4 of its levels.

You collected 96 gold pieces.

Inventory:

Missiles
 i - a throwing net
 s - 5 poisoned darts
Armour
 a - a +0 robe (worn)
 h - a +0 cloak
 j - a scarf of shadows (worn)
 n - a +0 helmet of see invisible (worn)
Jewellery
 b - a ring of resist corrosion (left hand)
 m - a ring of fire
Scrolls
 d - 3 scrolls of identify {unknown}
 g - a scroll of blinking {unknown}
 k - a scroll of magic mapping {unknown}
 l - a scroll of acquirement {unknown}
 p - 2 scrolls of amnesia {unknown}
 q - a scroll of fear {unknown}
 r - a scroll of enchant weapon {unknown}
 t - a scroll of brand weapon {unknown}
Potions
 c - 2 potions of haste {unknown}
 e - a potion of ambrosia {unknown}
 f - a potion of mutation {unknown}
 o - a potion of curing {unknown}


   Skills:
 - Level 2.4 Dodging
 - Level 2.4 Stealth
 - Level 3.0 Spellcasting
 + Level 3.1 Conjurations
 + Level 2.2 Translocations
 * Level 7.0 Fire Magic


You had 2 spell levels left.
You knew the following spells:

 Your Spells              Type           Power      Damage    Failure   Level
a - Foxfire               Conj/Fire      100%       2x1d9     1%          1
b - Scorch                Fire           68%        2d8       1%          2
c - Flame Wave            Conj/Fire      25%        2d7       16%         4
d - Blink                 Tloc           26%        N/A       8%          2

Your spell library contained the following spells:

 Spells                   Type           Power      Damage    Failure   Level
 Magic Dart               Conj           68%        1d6       3%          1
 Conjure Flame            Conj/Fire      25%        6-21      4%          3
 Inner Flame              Hex/Fire       18%        N/A       9%          3
 Portal Projectile        Hex/Tloc       16%        N/A       24%         3


Dungeon Overview and Level Annotations

Branches:
Dungeon (4/15)
 Temple: D:4-7

Altars:
Fedhas
Gozag
Uskayaw

Annotations:
D:4 Pikel, Sigmund


Message History

The foxfire hits the gnoll.
The gnoll is moderately wounded.
The foxfire hits the gnoll but does no damage.
The gnoll is moderately wounded.
A lemure comes into view.
Casting: Scorch (safe; 1% risk of failure)
Confirm with . or Enter, or press ? or * to list all spells.
You conjure some foxfire!
The foxfire hits the gnoll.
The gnoll is burned terribly!
The gnoll is heavily wounded.
The foxfire hits the gnoll!
The gnoll is burned terribly!
You kill the gnoll!
The lemure misses you.
Pikel, Merchant of Souls comes into view.
He is wielding a +1 whip of electrocution.
You hit the lemure but do no damage. The lemure hits you but does no damage.
The lemure closely misses you. The lemure completely misses you.
The lemure closely misses you. The lemure hits you!
Pikel says, "You'll make a fine lemure."
Pikel says, "Antaeus said I was his favorite kobold.
Me!"
The lemure hits you.
The hobgoblin hits you with a +0 hand axe!
Casting: Foxfire (safe; 1% risk of failure)
Confirm with . or Enter, or press ? or * to list all spells.
The spell is extremely dangerous to miscast (16% risk of failure)!
Continue anyway?
Casting: Flame Wave (extremely dangerous; 16% risk of failure)
Press: ? - help, Dir - look around, f - activate A wave of flame ripples out!
The flame wave engulfs the lemure but does no damage.
The flame wave engulfs Pikel.
Pikel is lightly wounded.
The flame wave engulfs the hobgoblin.
The hobgoblin is almost dead.
The flame wave engulfs the lemure.
The lemure is moderately wounded. (Press . to intensify the flame waves.) Pikel barely misses you.
The lemure hits you. The lemure hits you!
* * * LOW HITPOINT WARNING * * *
The hobgoblin hits you with a +0 hand axe.
You die...

......# ......##....
############# >......'...5
5...........# ....#.##.K.
###########.## .........#
############ #..# .........#
#..†.......# ##.## .....)...#
#..........# #..# .####.####
#..K@......## ##.##
.####.#######..5g5......######..#
................5.......'...)))..
#####...................#######.#
##########..........# #.. ####
#...########## ##. ...#####
#.#...# #. .......#####.#.#.## #.
...###.......###..# ##


You could see Pikel, 3 lemures and a hobgoblin.

Vanquished Creatures
  A phantom (D:4)
  A bullfrog skeleton (D:4)
  An iguana (D:4)
  11 gnolls
  6 adders
  An ufetubus (D:4)
  3 worms
  3 dart slugs
  An orc (D:4)
  8 endoplasms
  A giant cockroach (D:1)
  13 hobgoblins
  A jackal (D:2)
  3 quokkas
  3 ball pythons
  5 bats
  3 frilled lizards
  7 goblins
  6 kobolds
  5 rats
83 creatures vanquished.

Vanquished Creatures (collateral kills)
  A foxfire (D:2)
1 creature vanquished.

Vanquished Creatures (others)
  155 foxfires
  A plant (D:3)
156 creatures vanquished.

Grand Total: 240 creatures vanquished

Notes
Turn   | Place    | Note
-------+----------+-------------------------------------------
     0 | D:1      | mcbry74 the Deep Elf Fire Elementalist began the quest for
                  | the Orb.
     0 | D:1      | Reached XP level 1. HP: 10/10 MP: 6/6
    55 | D:1      | Found a faded altar of an unknown god.
   384 | D:1      | Reached XP level 2. HP: 15/15 MP: 6/8
   389 | D:1      | Learned a level 2 spell: Scorch
   689 | D:1      | Reached skill level 4 in Fire Magic
  1220 | D:2      | Reached XP level 3. HP: 19/19 MP: 4/9
  1528 | D:2      | Got the Guide on the Excruciating Traveller
  1566 | D:2      | Reached skill level 5 in Fire Magic
  1871 | D:2      | Reached XP level 4. HP: 24/24 MP: 6/10
  2238 | D:2      | Reached skill level 6 in Fire Magic
  2455 | D:2      | Reached XP level 5. HP: 28/28 MP: 8/11
  2484 | D:2      | Learned a level 4 spell: Flame Wave
  2487 | D:2      | Learned a level 2 spell: Blink
  2818 | D:3      | Found a blossoming altar of Fedhas.
  2849 | D:3      | Found an opulent altar of Gozag.
  2851 | D:3      | Found a hide-covered altar of Uskayaw.
  3666 | D:4      | Noticed a phantom
  3699 | D:4      | Reached skill level 1 in Translocations
  3793 | D:4      | Killed a phantom
  3794 | D:4      | Reached XP level 6. HP: 32/32 MP: 7/12
  3848 | D:4      | Noticed Sigmund
  4292 | D:4      | Reached skill level 7 in Fire Magic
  4474 | D:4      | Noticed Pikel
  4492 | D:4      | Slain by a hobgoblin

Illustrated notes

Levels and vault maps discovered:
D:1:      dpeg_arrival_rooms_with_view, layout_basic,
          shapermc_ecumenical_altar_starsandcircs, minmay_door_square
D:2:      layout_loops_corners, minmay_surrounded
D:3:      layout_rooms, gammafunk_temple_overflow_forgotten
D:4:      layout_basic, hangedman_abyss_or_decor_slice, grunt_ministairs_1,
          uniq_sigmund, uniq_pikel

Skill      XL: |  1  2  3  4  5  6 |
---------------+-------------------+-----
Fire Magic     | 4 5 6 7 |  7.0
Conjurations   | 2 3 |  3.1
Translocations | 1 2 |  2.2
Dodging        | |  2.4
Stealth        | |  2.4
Spellcasting   | |  3.0

Action                   |  1- 3 |  4- 6 || total
-------------------------+-------+-------++-------
Melee: Unarmed           |     1 |     1 ||     2
 Cast: Foxfire           |    40 |    56 ||    96
       Scorch            |     9 |    32 ||    41
       Flame Wave        |       |     1 ||     1
Armor: Robe              |     6 |     2 ||     8
Dodge: Dodged            |    10 |     9 ||    19
